[Event "Early-Titled-Tuesday-Blitz-October-03-2023"]
[Site "Chess.com"]
[Date "2023.10.03"]
[Round "7"]
[White "kleinebeer98"]
[Black "Duhless"]
[Result "0-1"]
[WhiteElo "2821"]
[BlackElo "2977"]
[TimeControl "180+1"]
[EndTime "9:19:58 PDT"]
[Termination "Duhless won by resignation"]

1. e4 c5 2. Nf3 e6 3. d4 cxd4 4. Bg5 Qc7 5. Qxd4 Nc6 6. Qd2 Nf6 7. Nc3 Bb4 8. Bd3 a6 9. O-O b5 10. a4 bxa4 11. Rxa4 Rb8 12. Bf4 Bd6 13. Bxd6 Qxd6 14. Qg5 e5 15. Bc4 O-O 16. Rd1 Qe7 17. Bxa6 Bxa6 18.
Rxa6 Rxb2 19. Qd2 Nb4 20. Ra4 Rxc2 21. Qe3 Ng4 22. Qb6 Nxf2 23. Qxb4 Qxb4 24. Rxb4 Nxd1 25. Nd5 d6 26. h4 h6 27. Rb6 Nc3 28. Ne7+ Kh7 29.
Rxd6 Nxe4 30. Ra6 Rb8 31. Ra4 Nc5 32. Ra7 Rb1+ 33. Kh2 Rbb2 34. Nf5 Rxg2+ 35. Kh3 Ne6 36. h5 Nf4+ 37. Kh4 Rb1 38. Ng3 Rb3 39. Ne1 Rgxg3 40. Rxf7 Rg1 41. Nf3 Rh1+ 42. Kg4 Nxh5 43. Kf5 Rxf3+ 0-1

[Event "Early-Titled-Tuesday-Blitz-October-03-2023"]
[Site "Chess.com"]
[Date "2023.10.03"]
[Round "7"]
[White "Danirod"]
[Black "mmDarko"]
[Result "0-1"]
[WhiteElo "2591"]
[BlackElo "2333"]
[TimeControl "180+1"]
[EndTime "9:19:58 PDT"]
[Termination "mmDarko won on time"]

1. e4 e6 2. d4 d5 3. Nd2 Nf6 4. e5 Nfd7 5. Bd3 b6 6. c3 Ba6 7. Bxa6 Nxa6 8. Ne2 c5 9. O-O b5 10. a3 Qb6 11. Nf3 Rc8 12. Be3 Nab8 13. h4 Nc6 14.
h5 h6 15. b4 cxd4 16. cxd4 Qb7 17. Nf4 Nb6 18. Nd3 Nc4 19. Nd2 a5 20. bxa5 N6xa5 21. Nb3 Nxb3 22. Qxb3 Be7 23. Rfb1 O-O 24. Bc1 Qa7 25. Be3 Rb8 26. a4 bxa4 27. Qa2 a3 28. Rxb8 Rxb8 29. Qe2 Qb7 30. Bc1 Qb3 31. Nf4 Qc3 32. Qa2 Qxd4 33. Rb1 Rxb1 34. Qxb1 Qxe5 35. Nd3 Qxh5 36. Qb8+ Kh7 37. Qa7 Bf6 0-1

[Event "Early-Titled-Tuesday-Blitz-October-03-2023"]
[Site "Chess.com"]
[Date "2023.10.03"]
[Round "7"]
[White "Nekoo04"]
[Black "becemix"]
[Result "0-1"]
[WhiteElo "2312"]
[BlackElo "2518"]
[TimeControl "180+1"]
[EndTime "9:19:59 PDT"]
[Termination "becemix won by resignation"]

1. d4 d5 2. c4 c6 3. Nf3 e6 4. g3 dxc4 5. Bg2 Nf6 6. Ne5 Be7 7. O-O O-O 8. Nc3 a6 9. Nxc4 b5 10. Ne5 Bb7 11. a4 b4 12. Ne4 Nfd7 13. Nd3 a5 14. Bf4 Na6 15. Rc1 Nf6 16. Nec5 Nxc5 17. Nxc5 Bxc5 18. Rxc5 Nd5 19. Bxd5 cxd5 20. Qc2 Ba6 21. Bc7 Qf6 22. Be5 Qg5 23. Rc1 b3 24. Qxb3 Bxe2 25.
Qb7 h6 26. Rc8 Raxc8 27. Rxc8 Rxc8 28. Qxc8+ Kh7 29. Qc2+ Qf5 30. Qxe2 f6 31. Bf4 g5 32. Be3 Qe4 33. Qe1 f5 34. Qxa5 Qb1+ 35. Kg2 Qe4+ 36.
Kf1 Qd3+ 37. Ke1 Qb1+ 38. Ke2 Qc2+ 39. Qd2 Qc4+ 40. Qd3 Qxa4 41. g4 Kg6 42. gxf5+ exf5 43. Qc3 f4 44. Bd2 Qe8+ 45. Kf3 Qe4+ 46. Kg4 Qg2+ 0-1

[Event "Early-Titled-Tuesday-Blitz-October-03-2023"]
[Site "Chess.com"]
[Date "2023.10.03"]
[Round "7"]
[White "K_A_S_T_O_R"]
[Black "Sanyura"]
[Result "1-0"]
[WhiteElo "2891"]
[BlackElo "2663"]
[TimeControl "180+1"]
[EndTime "9:20:00 PDT"]
[Termination "K_A_S_T_O_R won by resignation"]

1. e4 c5 2. Nf3 e6 3. d4 cxd4 4. Nxd4 Nf6 5. Nc3 Nc6 6. Ndb5 Bc5 7. Bf4 O-O 8. Bc7 Qe7 9. Bd6 Bxd6 10. Qxd6 Qd8 11.
O-O-O a6 12. Nd4 Ne7 13. f3 b5 14. a3 Ne8 15. Qg3 Qb6 16. Qe1 Bb7 17. Nb3 d5 18. exd5 Nxd5 19. Nxd5 Bxd5 20. Kb1 a5 21. Qc3 a4 22. Qc5 Qb8 23. Nd4 Nd6 24. Nxb5 Nxb5 25.
Bxb5 Ra5 26. c4 Bxc4 27. Qxc4 Rxb5 28. Rd2 h6 29. Qxa4 Qb6 30. Qd4 Qa6 31. Qe3 Rfb8 32. Ka2 Qb7 33. Rb1 Rb3 34. Rd8+ Rxd8 35. Qxb3 Qa7 36.
Rd1 Rb8 37. Qc2 Qb6 38. Rd3 e5 39. h3 Qe6+ 40. Ka1 f5 41. Re3 Rd8 42. Qb3 Kf7 43.
Qxe6+ Kxe6 44. a4 Rd2 45. a5 Rd5 46. Ra3 e4 47. fxe4 fxe4 48. a6 Rd8 49. a7 Ra8 50.
Kb1 Kd5 51. Kc2 Kd4 52. Kd2 e3+ 53. Ke2 Kc4 54. Kxe3 1-0

[Event "Early-Titled-Tuesday-Blitz-October-03-2023"]
[Site "Chess.com"]
[Date "2023.10.03"]
[Round "7"]
[White "knightinshiningarmour16"]
[Black "cycygogne"]
[Result "0-1"]
[WhiteElo "2104"]
[BlackElo "2230"]
[TimeControl "180+1"]
[EndTime "9:20:00 PDT"]
[Termination "cycygogne won by checkmate"]

1. d4 Nf6 2. Nf3 c5 3. d5 e6 4.
c4 exd5 5. cxd5 d6 6. Nc3 g6 7.
e4 Bg7 8. Bf4 a6 9. Nd2 b5 10.
a4 b4 11. Ne2 O-O 12. f3 Nh5 13. Be3 Nd7 14. Rb1 Ne5 15. Nf4 Nxf4 16. Bxf4 f5 17. Bg3 fxe4 18. fxe4 Qg5 19. Be2 Qe3 20. Qb3 Qg5 21.
Nf3 Nxf3+ 22. Bxf3 Bd4 23. Bxd6 Bg4 24. Bg3 Rae8 25.
d6+ Kh8 26. Qd3 Qh5 27. Bxg4 Qxg4 28. e5 Rf5 29. d7 Rd8 30. e6 Qg5 31. e7 Qxe7+ 32.
Qe2 Qxd7 33. Rf1 Re8 34. Rxf5 Rxe2+ 35. Kxe2 gxf5 36. Rf1 Qe6+ 37. Kd3 Kg7 38. Re1 Qb3+ 39. Kd2 Qxb2+ 40. Kd3 Qc3+ 41. Ke2 b3 42. Kf1 Qd3+ 43. Re2 b2 44. Be1 b1=Q 45. g3 Qbc2 46. Kg2 Qcxe2+ 47. Kh3 Qf1+ 48. Kh4 Qe4+ 49. Kh5 Qg4# 0-1

[Event "Early-Titled-Tuesday-Blitz-October-03-2023"]
[Site "Chess.com"]
[Date "2023.10.03"]
[Round "7"]
[White "Russian_berezka"]
[Black "Rozhkov_V"]
[Result "1-0"]
[WhiteElo "2623"]
[BlackElo "2442"]
[TimeControl "180+1"]
[EndTime "9:20:01 PDT"]
[Termination "Russian_berezka won by checkmate"]

1. d4 d5 2. c4 dxc4 3. Nf3 Nf6 4. e3 Bg4 5. Bxc4 e6 6. Nc3 Nc6 7. h3 Bh5 8. O-O Bd6 9. Re1 O-O 10. Bf1 a6 11. g4 Bg6 12. e4 e5 13. dxe5 Nxe5 14. Nxe5 Bxe5 15. Bg2 Bxc3 16. Qxd8 Raxd8 17. bxc3 Rfe8 18. e5 Nd5 19. f4 Bc2 20. c4 Nb4 21.
Be3 Bd3 22. Bxb7 Nc2 23. Bxa6 Nxe1 24. Rxe1 Ra8 25. Bb5 Rec8 26. Rd1 Bc2 27. Rd7 Rxa2 28.
Bc6 Rb8 29. Rd2 Rb1+ 30. Kf2 Bb3 31. Bd5 Rxd2+ 32. Bxd2 h5 33. f5 hxg4 34. hxg4 Kf8 35. e6 fxe6 36. fxe6 Rb2 37. Ke3 c5 38. Bc3 Rc2 39.
Be5 Bxc4 40. Bd6+ Ke8 41. Bc6+ Kd8 42. e7+ Kc8 43. e8=Q# 1-0

[Event "Early-Titled-Tuesday-Blitz-October-03-2023"]
[Site "Chess.com"]
[Date "2023.10.03"]
[Round "7"]
[White "falzehope0"]
[Black "JosefineHeinemann"]
[Result "0-1"]
[WhiteElo "2368"]
[BlackElo "2527"]
[TimeControl "180+1"]
[EndTime "9:20:02 PDT"]
[Termination "JosefineHeinemann won by checkmate"]

1. d4 Nf6 2. e3 d5 3. Bd3 c5 4. c3 Nc6 5. f4 Bg4 6. Ne2 e6 7. Nd2 Be7 8. O-O O-O 9. Nf3 Bf5 10. Ng3 Bxd3 11. Qxd3 g6 12. Ne5 Rc8 13. Bd2 Nd7 14. Qe2 f6 15. Nd3 c4 16. Nf2 Bd6 17. e4 Qe7 18. e5 Bc7 19. Ng4 fxe5 20. fxe5 Rxf1+ 21. Rxf1 Rf8 22. Bh6 Rxf1+ 23. Qxf1 Qf7 24. Qe2 Bd8 25. Qe3 Kh8 26. Bg5 Bxg5 27. Qxg5 Ne7 28. Nh6 Qf8 29.
h4 b5 30. h5 a5 31. a3 Nb8 32. Qg4 Qxh6 33. Qxe6 Qf8 34. h6 Nbc6 35. Qh3 Nf5 36. Nxf5 Qxf5 37. Qh4 Kg8 38. g4 Qf4 39. Kg2 Kf7 40.
Kg1 Ke6 41. Kg2 Ne7 42. Kg1 g5 43. Qh5 Ng6 44. Kg2 Qe3 45. Kh1 Qc1+ 46. Kg2 Qxb2+ 47. Kg1 Qc1+ 48. Kh2 Qf4+ 49. Kh1 b4 50. cxb4 axb4 51. axb4 c3 52. Qh3 c2 53. Qc3 c1=Q+ 54. Kg2 Qxc3 55. b5 Qcg3+ 56. Kh1 Qf1# 0-1

[Event "Early-Titled-Tuesday-Blitz-October-03-2023"]
[Site "Chess.com"]
[Date "2023.10.03"]
[Round "7"]
[White "Elprofessor21"]
[Black "Anton_Demchenko"]
[Result "0-1"]
[WhiteElo "2670"]
[BlackElo "2920"]
[TimeControl "180+1"]
[EndTime "9:20:03 PDT"]
[Termination "Anton_Demchenko won by resignation"]

1. e4 e5 2. Nf3 Nc6 3. d4 exd4 4. Nxd4 Bc5 5. Nb3 Bb6 6. Nc3 d6 7. Nd5 Nf6 8. Nxb6 axb6 9. Bd3 O-O 10. O-O Re8 11.
Re1 Ne5 12. Bb5 Bd7 13. Bxd7 Qxd7 14. Bg5 Qd8 15. Nd4 h6 16. Bh4 Ng6 17. Bxf6 Qxf6 18. c3 Re5 19. Qf3 Qxf3 20. Nxf3 Rea5 21. a3 f6 22. g3 Ne5 23. Nxe5 fxe5 24. f3 g5 25. Kf2 Rf8 26. Ke3 Raa8 27. a4 Kf7 28. b4 Ke6 29. Re2 Rf7 30. Rf2 c6 31. h3 d5 32. Rd2 Raf8 33. Rf1 h5 34. exd5+ cxd5 35. Rdf2 Rc7 36. Kd3 Rfc8 37. Rc1 d4 38. c4 Rf7 39. Re1 Rcf8 40. Ke4 h4 41. Rg1 hxg3 42. Rxg3 Rf4+ 43. Kd3 R8f5 44.
Ke2 e4 45. Rf1 Ke5 46. Rfg1 d3+ 47. Kd2 Rxf3 48. Rxg5 Kd4 49. Rxf5 Rxf5 50. Re1 Rf2+ 0-1

[Event "Early-Titled-Tuesday-Blitz-October-03-2023"]
[Site "Chess.com"]
[Date "2023.10.03"]
[Round "7"]
[White "AniJak"]
[Black "Kostya0705"]
[Result "1/2-1/2"]
[WhiteElo "2377"]
[BlackElo "2597"]
[TimeControl "180+1"]
[EndTime "9:20:03 PDT"]
[Termination "Game drawn by repetition"]

1. e4 c5 2. Nc3 e6 3. g3 Nc6 4.
Bg2 Qc7 5. d3 g6 6. Be3 d6 7.
Qd2 Bg7 8. Nge2 h5 9. d4 cxd4 10.
Nxd4 a6 11. Nxc6 bxc6 12. h4 Ne7 13. Rd1 d5 14. Bc5 O-O 15. O-O Bb7 16. Qg5 Rfe8 17. Ne2 Rad8 18. Nf4 Qd7 19. Nxh5 gxh5 20. Bd4 Ng6 21.
exd5 cxd5 22. Qxh5 e5 23. Bb6 Rc8 24. c3 Qe6 25.
Be3 Rc7 26. Rfe1 Qf6 27. Bg5 Qe6 28. Kh2 Qf5 29. Rd2 d4 30. cxd4 Bxg2 31. Kxg2 e4 32. Qe2 Qf3+ 33. Kg1 Qxe2 34. Rexe2 Rd7 35. d5 Re5 36. d6 Re6 37. h5 Ne5 38. Kg2 Nf3 39. Rd5 Rexd6 40. Rxd6 Rxd6 41. Bf4 Re6 42. b4 Nd4 43.
Rd2 Nb5 44. h6 Kh7 45. hxg7 Kxg7 46. a4 Nc3 47. b5 a5 48. Be3 Nxa4 49. Ra2 Nb6 50.
Rxa5 Nc4 51. Bd4+ Kg6 52. Ra6 Nd6 53. b6 Kf5 54. Ra5+ Kg4 55. Ra7 Re8 56. b7 Rb8 57.
Be5 Rxb7 58. Ra4 Rd7 59. Bxd6 Rxd6 60. Rxe4+ Kg5 61. Rf4 f5 62. Rh4 Rd5 63. Rf4 Rd2 64. Kf3 Ra2 65. Kg2 Ra3 66. Rf3 Ra2 67. Re3 Rb2 68.
Rf3 Kg4 69. Rf4+ Kg5 70. Rf3 Kg4 71. Rf4+ Kg5 72. Rf3 1/2-1/2

[Event "Early-Titled-Tuesday-Blitz-October-03-2023"]
[Site "Chess.com"]
[Date "2023.10.03"]
[Round "7"]
[White "campochess"]
[Black "ajedrez-facil"]
[Result "0-1"]
[WhiteElo "2159"]
[BlackElo "2276"]
[TimeControl "180+1"]
[EndTime "9:20:03 PDT"]
[Termination "ajedrez-facil won on time"]

1. d4 Nf6 2. Bg5 d5 3. Nd2 c6 4. c3 Bf5 5. f3 e6 6. e4 dxe4 7. fxe4 Bg6 8. e5 Qa5 9. Nc4 Qc7 10. exf6 b5 11. Ne5 Rg8 12. Ngf3 Nd7 13. Nxd7 Qxd7 14. Ne5 Qd5 15. Bh4 Qe4+ 16. Be2 Qxh4+ 17. g3 Qe4 18.
O-O gxf6 19. Rxf6 Bg7 20. Rf2 Bxe5 21. dxe5 Qxe5 22. Bf3 Rc8 23. a4 b4 24. Qf1 bxc3 25. bxc3 Ke7 26. Qa6 Rgd8 27. Qxa7+ Rd7 28. Qb6 Qxc3 29.
Raa2 Rdd8 30. Qb2 Qxb2 31. Rfxb2 Rc7 32. a5 Ra8 33. a6 Raa7 34. Rb6 Kd8 35. Rxc6 Rxc6 36.
Bxc6 Bd3 37. Bb7 Kc7 38. Rd2 Bb5 39. Rc2+ Kb6 40. Rf2 Bxa6 41. Bxa6 Kxa6 42. Kg2 Kb6 43. Kf3 Kc6 44. Kf4 Kd6 45. Kg5 f5 46. Kf6 Ra5 47. Kg7 h5 48. Kf6 Rd5 0-1

[Event "Early-Titled-Tuesday-Blitz-October-03-2023"]
[Site "Chess.com"]
[Date "2023.10.03"]
[Round "7"]
[White "NikolaGry"]
[Black "Sethu0025"]
[Result "0-1"]
[WhiteElo "2717"]
[BlackElo "2867"]
[TimeControl "180+1"]
[EndTime "9:20:04 PDT"]
[Termination "Sethu0025 won on time"]

1. e4 c5 2. Nf3 d6 3. Bb5+ Nd7 4. O-O a6 5. Bxd7+ Bxd7 6. c3 e6 7. d4 Ne7 8. Nbd2 Ng6 9. Re1 Be7 10. g3 O-O 11. h4 cxd4 12. cxd4 Re8 13. h5 Nf8 14. Nf1 h6 15. Bf4 Qb6 16. Ne3 Rac8 17. Re2 Nh7 18. b3 Nf6 19. Nc4 Qc7 20. Rc1 Qb8 21. Nb6 Rxc1 22. Qxc1 Bb5 23. Re1 Qd8 24. Nc4 Nxh5 25. Bxh6 d5 26. exd5 Qxd5 27. Nce5 f6 28.
Qd1 gxh6 29. a4 Bc6 30. Nxc6 bxc6 31. Qd3 Qf5 32. Re4 Ng7 33. Qe2 Qd5 34. Rg4 Kf7 35. Nh4 Rg8 36. Rf4 Bd6 37. Rf3 Nf5 38.
Nxf5 exf5 39. Kg2 f4 40. Qxa6 fxg3 41. Qb7+ Ke6 42. Qh7 Rg5 43. Qd3 gxf2+ 44. Kxf2 Rf5 45. Qe3+ Kf7 46. Rxf5 Qxf5+ 47. Ke2 h5 0-1

[Event "Early-Titled-Tuesday-Blitz-October-03-2023"]
[Site "Chess.com"]
[Date "2023.10.03"]
[Round "7"]
[White "Doudou2015"]
[Black "PawnEatingZombie"]
[Result "0-1"]
[WhiteElo "2164"]
[BlackElo "2161"]
[TimeControl "180+1"]
[EndTime "9:20:04 PDT"]
[Termination "PawnEatingZombie won by checkmate"]

1. b3 d5 2. Bb2 Nf6 3. e3 Bf5 4. f4 h5 5. Nf3 e6 6. Bd3 Nbd7 7.
Bxf5 exf5 8. O-O c6 9. c4 Be7 10. cxd5 cxd5 11. Nd4 g6 12. Nc3 O-O 13. Qf3 Nc5 14.
Rad1 Nd3 15. Ba1 Ne4 16. Qe2 Nb4 17. a3 Nc6 18. Nxc6 bxc6 19. d3 Nc5 20. b4 Ne6 21. e4 fxe4 22. dxe4 Qb6+ 23. Kh1 d4 24.
f5 Nc7 25. f6 Bd6 26. Na4 Qb5 27. Qxb5 cxb5 28. Nc5 Bxc5 29. bxc5 Ne6 30. Rc1 Rac8 31.
c6 Rfd8 32. Rfd1 d3 33. Rc3 d2 34. Rc2 Rd3 35. Rcxd2 Rxd2 36. Rxd2 Rxc6 37. Rd1 Rc2 38. h3 g5 39. e5 Kh7 40. Kh2 Kg6 41. a4 h4 42. axb5 Nf4 43. Rb1 Rxg2+ 44. Kh1 Rg3 45. b6 axb6 46. Rxb6 Rxh3+ 47. Kg1 Re3 48. Kf1 h3 49.
Bd4 Re4 50. Bf2 h2 51. Bg3 h1=Q+ 52. Kf2 Qg2# 0-1

[Event "Early-Titled-Tuesday-Blitz-October-03-2023"]
[Site "Chess.com"]
[Date "2023.10.03"]
[Round "7"]
[White "LeoLV10"]
[Black "spotbet"]
[Result "1-0"]
[WhiteElo "2579"]
[BlackElo "2430"]
[TimeControl "180+1"]
[EndTime "9:20:06 PDT"]
[Termination "LeoLV10 won by resignation"]

1. e4 e6 2. d4 d5 3. e5 c5 4. c3 Bd7 5. Nf3 Qb6 6. a3 Bb5 7.
Be2 Bxe2 8. Qxe2 Qa6 9. Qd1 cxd4 10. cxd4 Ne7 11. Nc3 Nf5 12. Ne2 Nc6 13. O-O Be7 14. Rb1 Qb6 15. b4 a6 16. Be3 O-O 17. Nc3 Rac8 18.
Qd3 Na7 19. g3 Rc7 20. Rfc1 Rfc8 21. Bd2 Rc4 22. Na4 Qb5 23. Nb2 Rxc1+ 24. Rxc1 Rxc1+ 25. Bxc1 Kf8 26. Kf1 Ke8 27. Ke2 Kd7 28. Bd2 h6 29. g4 Nh4 30. Ne1 Ng6 31. f3 Nc6 32. Nc2 Bg5 33. a4 Qxd3+ 34. Nxd3 Bxd2 35. Kxd2 f6 36. f4 b6 37. Ke3 a5 38. bxa5 Nxa5 39. Na3 Kc6 40.
Nb4+ Kb7 41. Nd3 Ne7 42. h4 Nc8 43. g5 hxg5 44. fxg5 fxg5 45. hxg5 Ne7 46. Nf4 Nf5+ 47. Kd3 Nb3 48. Nc2 Nc1+ 49. Kd2 Nb3+ 50. Kc3 Nc1 51.
Nxe6 Ne2+ 52. Kd3 Neg3 53. Ne3 g6 54. Nxd5 Ka6 55. Nec7+ Ka5 56. Na8 Kxa4 57. Naxb6+ Kb5 58. Nd7 Kc6 59. N5f6 Nh1 60. Nf8 Nf2+ 61. Ke2 Nh3 62. Kd3 Nxg5 63. Kc4 Ne7 64. d5+ Nxd5 65. Nxd5 Nf3 66.
e6 Kd6 67. e7 Ne5+ 68. Kc3 Kxd5 69. e8=Q Nc6 70. Qxg6 Ne5 71. Qe6+ Ke4 72. Ng6 1-0

[Event "Early-Titled-Tuesday-Blitz-October-03-2023"]
[Site "Chess.com"]
[Date "2023.10.03"]
[Round "7"]
[White "kingapolak"]
[Black "zverr1"]
[Result "0-1"]
[WhiteElo "1767"]
[BlackElo "2511"]
[TimeControl "180+1"]
[EndTime "9:20:07 PDT"]
[Termination "zverr1 won on time"]

1. e4 c5 2. Nf3 g6 3. d4 cxd4 4. Nxd4 Nc6 5. c4 Nf6 6. Nc3 Nxd4 7. Qxd4 d6 8. f3 Bg7 9. Be3 O-O 10. Qd2 Be6 11. b3 Qa5 12. Rc1 Rfc8 13. Be2 a6 14.
O-O b5 15. cxb5 axb5 16. Nxb5 Qxd2 17. Bxd2 Rxc1 18. Bxc1 Rxa2 19. Bc4 Bxc4 20. bxc4 Nd7 21. Be3 Rc2 22. Rc1 Rxc1+ 23. Bxc1 Nb6 24. Na3 Bd4+ 25. Kf1 Bc5 26. Ke2 Bxa3 27. Bxa3 Nxc4 28. Bb4 g5 29. g3 Kg7 30. f4 g4 31. Kd3 Nb6 32. Kd4 Kf6 33.
Ba5 Nd7 34. Bd8 Nc5 35. e5+ Ke6 36. f5+ Kxf5 37. Bxe7 Ne6+ 38. Ke3 dxe5 39. Bd6 Ng5 40. Bb4 h5 41. Kf2 Nf3 42. Kg2 Ke4 43. Be7 Kd3 44. Bf6 e4 0-1

[Event "Early-Titled-Tuesday-Blitz-October-03-2023"]
[Site "Chess.com"]
[Date "2023.10.03"]
[Round "7"]
[White "LoaySameer"]
[Black "esrosenberg"]
[Result "1-0"]
[WhiteElo "2584"]
[BlackElo "2359"]
[TimeControl "180+1"]
[EndTime "9:20:09 PDT"]
[Termination "LoaySameer won by resignation"]

1. d4 d5 2. c4 e6 3. Nf3 c5 4.
cxd5 exd5 5. Nc3 Nf6 6. Bg5 Nc6 7. e3 Be6 8. dxc5 Bxc5 9. Bd3 O-O 10. O-O h6 11.
Bh4 a6 12. Rc1 Be7 13. Bb1 Re8 14. Nd4 Nxd4 15. Qxd4 Rc8 16. Rfd1 Rc4 17. Qxc4 dxc4 18. Rxd8 Rxd8 19. e4 b5 20. f4 Bc5+ 21. Kf1 Rd2 22. Rc2 Rxc2 23. Bxc2 Bd4 24. Bf2 Bxf2 25. Kxf2 Ng4+ 26. Ke2 Nxh2 27. f5 Bd7 28. Ke3 Ng4+ 29.
Kd4 f6 30. Kc5 Ne3 31. Bd1 Nxg2 32. Kb6 Ne3 33. Be2 b4 34. Nb1 Bb5 35. Bh5 Kf8 36. Kc5 c3 37. bxc3 bxc3 38. Nxc3 Bd3 39. Kd4 Nxf5+ 40.
Kxd3 Nd6 41. a4 Ke7 42. Kd4 a5 43. Kc5 Ke6 44. Kb6 Ke5 45. Kxa5 Nc4+ 46. Kb4 Nb6 47.
a5 Nd7 1-0

[Event "Early-Titled-Tuesday-Blitz-October-03-2023"]
[Site "Chess.com"]
[Date "2023.10.03"]
[Round "7"]
[White "Darko-Dimitrijevic"]
[Black "Bilan_Danila"]
[Result "0-1"]
[WhiteElo "2243"]
[BlackElo "2514"]
[TimeControl "180+1"]
[EndTime "9:20:11 PDT"]
[Termination "Bilan_Danila won on time"]

1. c4 c6 2. g3 d5 3. b3 Nf6 4.
Bb2 Bf5 5. Bg2 e6 6. d3 Nbd7 7. Nd2 Bc5 8. e4 Bg4 9. f3 Qb6 10. Nh3 Bh5 11. e5 Ng8 12. a3 a5 13. Bc3 Bd4 14. Qc2 Nxe5 15. O-O-O Bg6 16. Nf4 Ne7 17. Rhe1 Nd7 18. h4 h5 19. Nxg6 Nxg6 20. f4 Ne7 21. Nf3 Bf2 22. Re2 Bxg3 23. Bxg7 Bxf4+ 24. Kb2 Rg8 25. Bd4 Qc7 26. c5 O-O-O 27. Bh3 Kb8 28. Ng5 e5 29. Bg1 Nf6 30. Rf1 Ng4 31. d4 Ng6 32.
dxe5 Bxe5+ 33. Ka2 Rgf8 34. Be3 Rde8 35. Bd2 Ka7 36.
Rg2 Bf4 37. Bxg4 hxg4 38. Rxg4 Re2 39. Rd1 Bxd2 40. Rxd2 Rxd2 41. Qxd2 Re8 42. Rd4 Ne5 43. Qf2 f6 44. Nf3 Ng4 45. Qg2 Ne3 0-1

[Event "Early-Titled-Tuesday-Blitz-October-03-2023"]
[Site "Chess.com"]
[Date "2023.10.03"]
[Round "7"]
[White "betta2004"]
[Black "EvgenyBurmakin"]
[Result "1/2-1/2"]
[WhiteElo "2521"]
[BlackElo "2342"]
[TimeControl "180+1"]
[EndTime "9:20:11 PDT"]
[Termination "Game drawn by stalemate"]

1. d4 Nf6 2. Nc3 g6 3. e4 d6 4. Bf4 Bg7 5. Qd2 Nc6 6. O-O-O d5 7. e5 Ne4 8. Nxe4 dxe4 9. Bb5 O-O 10. h4 h5 11. Qe3 Bg4 12. Rd2 Nb4 13. Bc4 b5 14. Bb3 a5 15. d5 a4 16. Kb1 axb3 17. Qxb3 Rxa2 18. Qxb4 Qa8 19. c3 e3 20. fxe3 Bf5+ 21. e4 Ra4 22. exf5 Rxb4 23. cxb4 Rd8 24. fxg6 fxg6 25.
Nf3 Rxd5 26. Rc2 Rd8 27. Re1 Qa4 28.
Bd2 Qb3 29. Rxc7 Qd3+ 30. Kc1 Ra8 31. b3 Ra1+ 32. Kb2 Rxe1 33. Bxe1 Bxe5+ 34. Nxe5 Qe2+ 35. Rc2 Qxe1 36. Nxg6 Kf7 37. Nf4 Qe5+ 38. Rc3 Qxf4 39. Rf3 e5 40. Rxf4+ exf4 41. Kc3 Kf6 42. Kd4 Kf5 43. Kd5 Kg4 44. Ke4 Kg3 45. Kf5 Kxh4 46. Kxf4 1/2-1/2

[Event "Early-Titled-Tuesday-Blitz-October-03-2023"]
[Site "Chess.com"]
[Date "2023.10.03"]
[Round "7"]
[White "GMBenjaminBok"]
[Black "scarabee43"]
[Result "0-1"]
[WhiteElo "2978"]
[BlackElo "2800"]
[TimeControl "180+1"]
[EndTime "9:20:12 PDT"]
[Termination "scarabee43 won by resignation"]

1. d4 Nf6 2. c4 e6 3. Nc3 d5 4.
cxd5 exd5 5. Bg5 Be7 6. e3 O-O 7. Bd3 h6 8. Bh4 c6 9. Nge2 Re8 10. O-O Nbd7 11. a4 a5 12. f3 Nf8 13. Qc2 Ne6 14.
Rad1 b6 15. h3 Ba6 16. Bxa6 Rxa6 17. e4 dxe4 18. fxe4 Nh7 19. Bxe7 Rxe7 20. e5 Rd7 21. Ne4 Nxd4 22. Nxd4 Rxd4 23. Nd6 Rxd1 24. Qxd1 Ra7 25.
Qb3 Ng5 26. h4 Ne6 27. Rxf7 Rxf7 28. Qxe6 Qd7 29. Qb3 Kf8 30. Nxf7 Qxf7 31. Qxb6 Qc4 32. Qxa5 Qd4+ 33. Kf1 Qf4+ 34. Ke2 Qe4+ 35. Kd2 Qxg2+ 36.
Kc3 Qg3+ 37. Kc2 Qxh4 38. Qc5+ Kf7 39. a5 Qa4+ 40. Kc3 h5 41. Qc4+ Qxc4+ 42. Kxc4 h4 43. a6 h3 44. a7 h2 45. a8=Q h1=Q 46. Qb8 Qd5+ 47. Kc3 Qc5+ 48. Kd2 Qd4+ 49. Ke2 Qe4+ 50. Kd2 Qd5+ 51. Ke3 g5 52. b4 g4 53. Kf4 Qf3+ 54. Kg5 g3 55. Qc7+ Kg8 56. e6 g2 57.
Kh6 Qh3+ 0-1

[Event "Early-Titled-Tuesday-Blitz-October-03-2023"]
[Site "Chess.com"]
[Date "2023.10.03"]
[Round "7"]
[White "BardArtem"]
[Black "ContrVersia"]
[Result "0-1"]
[WhiteElo "2768"]
[BlackElo "2898"]
[TimeControl "180+1"]
[EndTime "9:20:12 PDT"]
[Termination "ContrVersia won by resignation"]

1. e4 c5 2. Nf3 a6 3. c3 d5 4. exd5 Qxd5 5. d4 Bg4 6. Be2 Nf6 7. dxc5 Qxc5 8. h3 Bh5 9. Be3 Qc7 10. Na3 e6 11. O-O Bxa3 12. Qa4+ Nc6 13. Qxa3 Nd5 14. Bd2 O-O-O 15. Rad1 Nf4 16. Bxf4 Qxf4 17. Qc5 f5 18.
Rfe1 Kb8 19. b4 Rxd1 20. Rxd1 Rc8 21. Qd6+ Qxd6 22. Rxd6 Re8 23. g4 fxg4 24. Ng5 h6 25. Nxe6 Bf7 26. Bxg4 h5 27. Bf5 g6 28. Ng5 Re5 29. Nxf7 Rxf5 30. Nh8 g5 31. Ng6 Kc7 32. Rd1 Rf6 33. Nh8 Ne5 34. Kg2 Kc6 35. a4 Rf8 36.
b5+ axb5 37. axb5+ Kc5 38. Re1 Rf5 39. Re4 Kd5 40.
Rd4+ Ke6 41. Rd8 Rf6 42. Re8+ Kf5 43. Rb8 b6 44. Rb7 h4 45. f3 Rf8 46. Rh7 Nd3 47. Rh6 Nf4+ 48. Kh2 Re8 49. Rh5 Nxh5 0-1

[Event "Early-Titled-Tuesday-Blitz-October-03-2023"]
[Site "Chess.com"]
[Date "2023.10.03"]
[Round "7"]
[White "Elsa167"]
[Black "sonicdravise"]
[Result "1-0"]
[WhiteElo "2904"]
[BlackElo "2665"]
[TimeControl "180+1"]
[EndTime "9:20:12 PDT"]
[Termination "Elsa167 won by checkmate"]

1. d4 d5 2. c4 c6 3. cxd5 cxd5 4. Bf4 Nc6 5. e3 Nf6 6. Nc3 a6 7. Be2 Bf5 8. Nf3 e6 9. Qb3 Bd6 10. Bxd6 Qxd6 11. Qxb7 O-O 12. Qb3 Rfb8 13. Qa3 Qxa3 14.
bxa3 Ne4 15. Nxe4 Bxe4 16. O-O Rb2 17. Bd1 Na5 18. Ne5 f6 19. Nd7 Nc4 20. Nc5 Bc2 21.
Bxc2 Rxc2 22. Rfc1 Rxc1+ 23. Rxc1 Rb8 24. Nxe6 Rb2 25. Nf4 Rxa2 26. Nxd5 Nxa3 27. g4 Nc2 28. Rb1 Ra1 29. Rxa1 Nxa1 30. Kf1 Kf7 31. Ke2 Nb3 32.
Kd3 Nc1+ 33. Kd2 Nb3+ 34. Kc2 Na5 35. Nb4 Nc4 36. Nxa6 Nd6 37. Kd3 Ke6 38. Nc5+ Kd5 39. e4+ Kc6 40. Ne6 g5 41. f4 gxf4 42. Nxf4 Kd7 43.
e5 fxe5 44. dxe5 Ne8 45. Ke4 Ng7 46. h4 Ke7 47. h5 Ne8 48. g5 Kf7 49. h6 Nc7 50.
Kf5 Ne8 51. e6+ Kg8 52. Ke5 Kf8 53. Nd5 Kg8 54. Nf6+ Kh8 55. Nxe8 Kg8 56. Nf6+ Kh8 57. Nxh7 Kxh7 58. e7 Kh8 59. e8=Q+ Kh7 60. Qf7+ Kh8 61.
Qg7# 1-0

[Event "Early-Titled-Tuesday-Blitz-October-03-2023"]
[Site "Chess.com"]
[Date "2023.10.03"]
[Round "7"]
[White "guillembaches"]
[Black "profedechess93"]
[Result "1/2-1/2"]
[WhiteElo "2503"]
[BlackElo "2633"]
[TimeControl "180+1"]
[EndTime "9:20:13 PDT"]
[Termination "Game drawn by repetition"]

1. d4 d5 2. Nf3 Nf6 3. Bg5 Ne4 4.
Bh4 c5 5. e3 Qb6 6. Qc1 cxd4 7.
exd4 Nc6 8. c3 Bg4 9. Nbd2 Rc8 10.
Qb1 Nxd2 11. Nxd2 e5 12. dxe5 Nxe5 13. Bd3 Bc5 14. O-O Nxd3 15. Qxd3 O-O 16. Nb3 Be6 17.
Nxc5 Qxc5 18. Rad1 Rfe8 19. a3 b5 20. Rfe1 Qc4 21.
Qxc4 bxc4 22. f3 f6 23. Bg3 Kf7 24. Bf2 Rc7 25. Rd2 Rb7 26. Bc5 Reb8 27. Ree2 a5 28. Kf2 h5 29. h4 Rd7 30. Re3 Bf5 31. Rde2 Rbb7 32. Bd4 Bd3 33. Rd2 a4 34. Bc5 Rb5 35.
Bb4 Rb6 36. Rd1 Re6 37. Rde1 Rxe3 38. Kxe3 g6 39. Kd4 g5 40. g3 Kg6 41. Re7 Rxe7 42. Bxe7 Be2 43. f4 gxh4 44. gxh4 Bf3 45. Ke3 Bd1 46.
Kd4 Bf3 47. Kc5 Kf5 48. Kb4 Bd1 49. Kc5 Ke6 50. Bd8 Bc2 51. Kd4 Bb3 52. Ke3 Bc2 53. Kd4 Bb3 54. Ke3 Kf5 55. Kd4 Ke6 1/2-1/2